 Dungeon Crawl Stone Soup version 0.29-a0-617-g7a6b98fccd (webtiles) character file.

Game seed: 11695414709049426192

31 xian the Sneak (level 3, 0/23 HPs)
             Began as an Octopode Wanderer on June 18, 2022.
             Slain by a jackal (2 damage)
             ... on level 1 of the Dungeon.
             The game lasted 00:02:36 (626 turns).

xian the Sneak (Octopode Wanderer)                   Turns: 626, Time: 00:02:37

Health: 0/23       AC:  1    Str: 11    XL:     3   Next: 22%
Magic:  4/4        EV: 12    Int: 13    God:
Gold:   58         SH:  0    Dex: 14    Spells: 4/4 levels left

rFire   . . .      SeeInvis .   a - +2 hand crossbow
rCold   . . .      Faith    .   (no shield)
rNeg    . . .      Spirit   .   c - +0 hat
rPois   .          Reflect  .   (no amulet)
rElec   .          Harm     .   (no ring)
rCorr   .          Rampage  .   (no ring)
Will    .....                   (no ring)
Stlth   ++++......              (no ring)
HPRegen 0.07/turn               (no ring)
MPRegen 0.09/turn               (no ring)
                                (no ring)
                                (no ring)

@: no status effects
A: almost no armour, amphibious, 8 rings, camouflage 1, gelatinous body 1,
(nimble swimmer 1), tentacles
a: no special abilities


You were on level 1 of the Dungeon.
You visited 1 branch of the dungeon, and saw 1 of its levels.

You collected 58 gold pieces.

Inventory:

Hand Weapons
 a - a +2 hand crossbow (weapon)
 b - a +0 shortbow
Missiles
 e - 4 poisoned darts
Armour
 c - a +0 hat (worn)
Potions
 d - a potion of attraction
 f - a potion of resistance
 i - a potion of heal wounds {unknown}


   Skills:
 + Level 1.0 Fighting
 + Level 3.5 Bows
 + Level 2.7 Crossbows
 + Level 4.3 Stealth
 + Level 1.0 Spellcasting


You had 4 spell levels left.
You didn't know any spells.
Your spell library was empty.

Dungeon Overview and Level Annotations

Branches:
Dungeon (1/15)

Altars:


Innate Abilities, Weirdness & Mutations

You cannot wear most types of armour.
You are amphibious.
You can wear up to eight rings at the same time.
Your skin changes colour to match your surroundings (Stealth+).
Your rubbery body absorbs attacks. (AC +1, EV +1)
((You are camouflaged when in or above water. (Stealth+)))
You have tentacles for arms and can constrict up to eight enemies at once.


Message History

You are too injured to fight recklessly!
You are too injured to fight recklessly!
You are too injured to fight recklessly!
Shoot: a) +2 hand crossbow
Press: ? - help, Q - select action, (/) - cycle Shift-Dir - straight line, f/p - jackal
Aim: a jackal (56% to hit)
You shoot a bolt.
The bolt hits the jackal but does no damage.
The jackal bites you. The jackal barely misses you. x3
The jackal misses you.
You see here a hobgoblin corpse.
The jackal attacks as you move away! The jackal bites you.
* * * LOW HITPOINT WARNING * * *
The jackal bites you.
* * * LOW HITPOINT WARNING * * *
Shoot: a) +2 hand crossbow
Press: ? - help, Q - select action, (/) - cycle Shift-Dir - straight line, f/p - jackal
Aim: a jackal (56% to hit)
You shoot a bolt. The bolt hits the jackal.
The jackal is heavily wounded.
The jackal closely misses you. The jackal barely misses you.
Shoot: a) +2 hand crossbow
Press: ? - help, Q - select action, (/) - cycle Shift-Dir - straight line, f/p - jackal
Aim: a jackal (heavily wounded, 56% to hit)
You shoot a bolt. The bolt hits the jackal!
You kill the jackal!
The jackal bites you but does no damage.
Shoot: a) +2 hand crossbow
Press: ? - help, Q - select action, (/) - cycle Shift-Dir - straight line, f - jackal
Aim: a jackal (56% to hit)
You shoot a bolt. The bolt barely misses the jackal.
The jackal barely misses you. The jackal bites you.
* * * LOW HITPOINT WARNING * * *
Shoot: a) +2 hand crossbow
Press: ? - help, Q - select action, (/) - cycle Shift-Dir - straight line, f/p - jackal
Aim: a jackal (56% to hit)
You shoot a bolt. The bolt hits the jackal.
The jackal is moderately wounded.
The jackal bites you.
You die...

#.........#
#.........#
..........#
#.........#.
......#.###.#
####..#.###.#
#.....#..##.#
#.##..#..##.##########
#...............@h.†.#
#....##.#.#.########.#
##.#....#........#h..#
#..#.##.......##)#.###
...............#....#
###.###.#...#...#...#
.. #.#..........## ..
#.....#.#.....#
#..........#..#


You could see a jackal.

Vanquished Creatures
  2 bats (D:1)
  4 endoplasms (D:1)
  2 giant cockroaches (D:1)
  3 goblins (D:1)
  3 hobgoblins (D:1)
  3 jackals (D:1)
  2 kobolds (D:1)
  2 quokkas (D:1)
  4 ball pythons (D:1)
25 creatures vanquished.

Notes
Turn   | Place    | Note
-------+----------+-------------------------------------------
     0 | D:1      | xian the Octopode Wanderer began the quest for the Orb.
     0 | D:1      | xian set off with the following items: a +2 hand crossbow,
                  | a +0 shortbow, a +0 hat, a potion of attraction.
     0 | D:1      | Reached XP level 1. HP: 13/13 MP: 2/2
   120 | D:1      | Reached XP level 2. HP: 18/18 MP: 3/3
   407 | D:1      | Reached XP level 3. HP: 23/23 MP: 4/4
   626 | D:1      | Slain by a jackal

Illustrated notes

Levels and vault maps discovered:
D:1:      shiori_arrival_elements, layout_basic, st_stairs_2,
          minmay_misc_feat_enclosed

Action                   || total
-------------------------++-------
 Fire: Hand crossbow     ||    61
  Use: Scroll            ||     3
Armor: Skin              ||     2
Dodge: Dodged            ||    36

Table legend: (Time is in decaauts)
 A = Elapsed time spent in this place.
 B = Non-inter-level travel time spent in this place.
 C = Inter-level travel time spent in this place.
 D = Time resting spent in this place.
 E = Time spent auto-exploring this place.
 F = Levels seen in this place.
 G = Mean time per level.
                   A        B        C        D        E       F      G
               +--------+--------+--------+--------+--------+-----+--------+
         Total |    648 |    648 |      0 |    100 |    403 |   1 |  648.0 |
       Dungeon |    648 |    648 |      0 |    100 |    403 |   1 |  648.0 |
               +--------+--------+--------+--------+--------+-----+--------+

Top non-repeatable levels by time:
     D:1: 648 daAuts
